AoeStats
← Era8812

Four Lakes

510153282Analyzed
1v1 RM · 3d ago on Sep 29, 2026· 20m 52s· 2 players
Game mode
Random Map
Map size
Tiny (2 player)
Population
200
Speed
Normal
Resources
Standard
Victory
Conquest
Starting age
Dark Age
Ending age
Imperial Age
RankedLock teamsTeams togetherTeam positionsShared explorationLock speedFull tech treeHidden civsTurbo modeCheats
Victory
Defeat
🇺🇦 Sicilians · Ukraine
530
+19
🇹🇷 Khmer · Türkiye
586
-19
ez pz.com
11:10 Feudal Age
12:00 Arson
14:01 Fletching
Era8812
11:54 Feudal Age
11:59 Man-at-Arms
12:52 Double-Bit Axe
12:50 Horse Collar
20:45 Bloodlines
Connection lost

Rejoining the realm…

Still unreachable

The connection could not be restored.

Session expired

The server has moved on; the page needs a fresh start.